 Dungeon Crawl Stone Soup version 0.30.1-9-gdf580d7c3d (webtiles) character file.

Game seed: 11006946971740393775

306 Ijustatesigmund the Digger (level 6, -1/52 HPs)
             Began as a Gargoyle Earth Elementalist on Oct 19, 2023.
             Was an Initiate of the Shining One.
             Slain by a gnoll sergeant
             ... wielding a +0 spear
              (5 damage)
             ... on level 4 of the Dungeon.
             The game lasted 00:05:22 (3693 turns).

Ijustatesigmund the Digger (GrEE)                   Turns: 3693, Time: 00:05:22

Health: -1/52      AC: 23    Str: 12    XL:     6   Next: 39%
Magic:  7/11       EV:  2    Int: 17    God:    the Shining One [......]
Gold:   122        SH:  0    Dex: 10    Spells: 7/11 levels left

rFire   . . .        j - +0 mace
rCold   . . .        (no shield)
rNeg    + . .        a - melded +0 robe
rPois   ∞            (helmet currently unavailable)
rElec   .            (cloak currently unavailable)
rCorr   .            (gloves currently unavailable)
SInv    +            (boots currently unavailable)
Will    .....        (no amulet)
Stlth   +            t - ring of see invisible
HPRegen 0.28/turn    (no ring)
MPRegen 0.12/turn

%: no passive effects
@: mighty, tree-form, glowing
A: stationary, stasis, torment immunity, boosted hp, sickness immunity, AC +4,
negative energy resistance 1, (electricity resistance), torment resistance 1,
petrification resistance
a: Renounce Religion


You were on level 4 of the Dungeon.
You worshipped the Shining One.
The Shining One was noncommittal.
You were a tree.
You visited 2 branches of the dungeon, and saw 5 of its levels.

You collected 122 gold pieces.

Inventory:

Hand Weapons
 j - a +0 mace (weapon)
Armour
 a - a +0 robe (melded)
Jewellery
 t - a ring of see invisible (left branch)
Wands
 r - a wand of iceblast (4)
Scrolls
 c - a scroll of teleportation {unknown}
 g - a scroll of identify {unknown}
 i - 2 scrolls of fear {unknown}
 l - a scroll of blinking {unknown}
 n - a scroll of fog {unknown}
 o - a scroll of torment {unknown}
 p - a scroll of enchant weapon {unknown}
 s - a scroll of summoning {unknown}
Potions
 b - a potion of magic
 d - a potion of attraction {unknown}
 e - a potion of brilliance {unknown}
 f - 2 potions of lignification
 h - a potion of ambrosia {unknown}
 m - a potion of might
 q - a potion of heal wounds {unknown}


   Skills:
 + Level 1.7 Fighting
 - Level 2.1 Maces & Flails
 - Level 1.5 Dodging
 - Level 2.1 Stealth
 + Level 3.4 Spellcasting
 + Level 2.7 Conjurations
 - Level 0.7 Transmutations
 + Level 5.3 Earth Magic
 + Level 0.6 Invocations


You had 7 spell levels left.
You knew the following spells:

 Your Spells              Type           Power      Damage    Failure   Level
a - Sandblast             Erth           40%        2d10      1%          1
b - Stone Arrow           Conj/Erth      32%        3d9       10%         3

Your spell library contained the following spells:

 Spells                   Type           Power      Damage    Failure   Level
 Passwall                 Tmut/Erth      10%        N/A       8%          2
 Momentum Strike          Conj/Tloc      14%        3d8       14%         2
 Petrify                  Tmut/Erth      13%        N/A       43%         4
 Volatile Blastmotes      Fire/Tloc      4%         2d10      45%         3
 Iskenderun's Mystic Bla  Conj/Tloc      7%         2d4       67%         4
 Summon Cactus Giant      Summ           1%         N/A       100%        6


Dungeon Overview and Level Annotations

Branches:
Dungeon (4/15)             Temple (1/1) D:4

Altars:
Cheibriados
Dithmenos
Elyvilon
Fedhas
Gozag
Makhleb
Nemelex Xobeh
Okawaru
Qazlal
Ru
Trog
Uskayaw
Vehumet
Wu Jian
Xom
Yredelemnul
The Shining One

Shops:
D:1 ?((!   D:3 ((


Innate Abilities, Weirdness & Mutations

You are a tree.
Your roots penetrate the ground, keeping you stationary.
You cannot be teleported.
You are immune to unholy pain and torment.
Your maximum health is greatly increased.
Your equipment is partially melded.
You are immune to sickness and miasma.
((Your stone body is resilient. (AC +4)))
You are immune to poison.
You resist negative energy. (rN+)
((You are resistant to electric shocks. (rElec)))
You are resistant to unholy torment.
You are immune to petrification.


Message History

Aim: a gnoll, wielding a +0 whip (heavily wounded, 85% to hit)
The blast of sand hits the gnoll!
You kill the gnoll!
The gnoll sergeant hits you from afar with a +0 spear.
The gnoll closely misses you.
Casting: Sandblast (safe; 1% risk of failure)
Confirm with . or Enter, or press ? or * to list all spells.
Aiming: Sandblast (safe; 1% risk of failure)
Press: ? - help, Shift-Dir - straight line, f - endoplasm
Aim: an endoplasm (98% to hit)
The blast of sand hits the endoplasm!
You kill the endoplasm!
The gnoll sergeant hits you from afar with a +0 spear!
The gnoll hits you from afar with a +0 spear.
The gnoll sergeant hits you from afar with a +0 spear.
The gnoll hits you but does no damage. The gnoll closely misses you.
The gnoll hits you but does no damage.
Casting: Sandblast (safe; 1% risk of failure)
Confirm with . or Enter, or press ? or * to list all spells.
Aiming: Sandblast (safe; 1% risk of failure)
Press: ? - help, Shift-Dir - straight line, f - gnoll
Aim: a gnoll, wielding a +0 club (85% to hit)
The blast of sand hits the gnoll!
The gnoll is almost dead.
The gnoll sergeant hits you from afar with a +0 spear!
* * * LOW HITPOINT WARNING * * *
The gnoll hits you with a +0 club.
* * * LOW HITPOINT WARNING * * *
The gnoll completely misses you. The gnoll barely misses you.
It was a potion of lignification.
You turn into a tree.
Your +0 robe melds into your body.
Your roots penetrate the ground.
The gnoll sergeant hits you from afar with a +0 spear!
The Shining One protects you from harm! The gnoll hits you with a +0 club.
* * * LOW HITPOINT WARNING * * *
The gnoll hits you but does no damage. x2
It was a potion of might.
You feel very mighty all of a sudden.
The gnoll sergeant hits you from afar with a +0 spear.
You die... ≈≈(....# #≈#....# ######≈#....# #./.#≈≈.....# #.g.#≈≈.....# ggg

≈≈.....# ##g###≈#...#
#≈##≈♣≈##≈#...##
#≈≈≈≈.≈≈≈≈.....#
#####.........#######
#.........##....##
#.........#......#
#.........#......#
#.......).#<.....#
#....##...##....##
#....##...##....##


You could see a gnoll sergeant and 4 gnolls.

Vanquished Creatures
  A phantom (D:4)
  2 jellies (D:4)
  An iguana (D:4)
  An orc wizard (D:4)
  A gnoll (D:4)
  5 adders
  A dart slug (D:3)
  4 orcs (D:4)
  10 ball pythons
  5 bats
  4 endoplasms
  3 giant cockroaches
  7 goblins
  4 hobgoblins
  3 jackals (D:3)
  2 frilled lizards
  3 kobolds
  5 rats
62 creatures vanquished.

Notes
Turn   | Place    | Note
-------+----------+-------------------------------------------
     0 | D:1      | Ijustatesigmund the Gargoyle Earth Elementalist began the
                  | quest for the Orb.
     0 | D:1      | Reached XP level 1. HP: 10/10 MP: 3/3
   178 | D:1      | Found Itzutwah's Antique Weapon Shoppe.
   196 | D:1      | Found a faded altar of an unknown god.
   199 | D:1      | Reached XP level 2. HP: 16/16 MP: 3/5
   506 | D:1      | Reached skill level 1 in Fighting
   531 | D:1      | Found Foturua's Distillery.
   575 | D:1      | Found Mustrotinu's Weapon Emporium.
   632 | D:1      | Reached skill level 4 in Earth Magic
   687 | D:1      | Found Xucatu's Magic Scroll Shoppe.
   762 | D:1      | You fall into a shaft and drop 1 floor!
  1172 | D:2      | Reached XP level 3. HP: 17/20 MP: 4/6
  1176 | D:2      | Learned a level 3 spell: Stone Arrow
  1481 | D:2      | Got the Writings on Assembled Movement
  1668 | D:3      | Found Vumerch's Antique Weapon Boutique.
  2074 | D:3      | Found a shimmering altar of Xom.
  2198 | D:3      | Reached skill level 1 in Conjurations
  2198 | D:3      | Reached XP level 4. HP: 21/25 MP: 4/8
  2246 | D:3      | Found a transporter.
  2246 | D:3      | Found Kategyvvao's Antique Weapon Shoppe.
  2392 | D:3      | Found a transporter.
  2644 | D:4      | Noticed a phantom
  2649 | D:4      | Killed a phantom
  2650 | D:4      | Reached skill level 1 in Maces & Flails
  2650 | D:4      | Reached XP level 5. HP: 22/29 MP: 3/9
  2744 | D:4      | Reached skill level 5 in Earth Magic
  2823 | D:4      | Reached XP level 6. HP: 30/34 MP: 1/10
  2934 | D:4      | Found a staircase to the Ecumenical Temple.
  2952 | Temple   | Entered the Ecumenical Temple
  3128 | Temple   | Became a worshipper of the Shining One
  3482 | D:4      | Found a hide-covered altar of Uskayaw.
  3484 | D:4      | Found an ornate altar of the Wu Jian Council.
  3486 | D:4      | Found a bloodstained altar of Trog.
  3692 | D:4      | The Shining One protects you from harm!
  3693 | D:4      | Slain by a gnoll sergeant

Illustrated notes

Levels and vault maps discovered:
D:1:      eino_arrival_druids_welcome, layout_basic,
          nicolae_ecumenical_snake_handling, serial_shops, shop, shop,
          nicolae_shop_dealshenge, nicolae_shop_window_shopping
D:2:      layout_loops_ring
D:3:      layout_loops_ring, marbit_many_paths, serial_shops,
          nicolae_shop_drivethru, nicolae_shop_trees
D:4:      layout_gridville, minitemple, minmay_temple_entry_slanted,
          lightli_minifort
Temple:   nicolae_temple_bog_church

Skill      XL: |  1  2  3  4  5 |
---------------+----------------+-----
Fighting       | 1 |  1.7
Earth Magic    | 4 5 |  5.3
Conjurations   | 1 2 |  2.7
Maces & Flails | 1 2 |  2.1
Spellcasting   | 3 |  3.4
Dodging        | |  1.5
Stealth        | |  2.1
Transmutations | |  0.7
Invocations    | |  0.6

Action                     |  1- 3 |  4- 6 || total
---------------------------+-------+-------++-------
  Melee: Unarmed           |     1 |       ||     1
         Mace              |       |     5 ||     5
   Cast: Sandblast         |    58 |    35 ||    93
         Stone Arrow       |       |     2 ||     2
    Use: Potion            |       |     2 ||     2
 Armour: Robe              |    14 |     9 ||    23
         Skin              |       |     2 ||     2
  Dodge: Dodged            |    20 |     8 ||    28
